General information
- name: BNet
- type: Ladder 1vs1/FFA
- host: Battle.net
- saver: FOREVERAZONE
map: TerenasStand
- players: 2
- length: 25:49
- speed: Fast
- version: 1.26 W3XP
- replay type: Public
» download(113 KB)
Players
team 1 (winner)
FOREVERAZONE (
blue | 200 APM | 5165 actions | 25:49)
7 Archmage
3 Summon Water Elemental
3 Brilliance Aura
1 Mass Teleport
6 Firelord
3 Summon Lava Spawn
3 Incinerate
» actions
| Assign group hotkey | 89 | |
| Basic commands | 164 | |
| Build / train | 91 | |
| ESC pressed | 5 | |
| Enter build submenu | 18 | |
| Enter hero's abilities submenu | 13 | |
| Give item / drop item | 9 | |
| Right click | 1754 | |
| Select / deselect | 845 | |
| Select group hotkey | 1878 | |
| Use ability | 299 | |
5165 total
» units
| Peasant | 13 | |
| Footman | 5 | |
| Forest Troll Shadow Priest | 4 | |
| Goblin Shredder | 5 | |
| Priest | 9 | |
| Spell Breaker | 5 | |
| Knight | 7 | |
| Forest Troll Berserker | 2 | |
| Sorceress | 2 | |
52 total
» upgrades
» buildings
| Altar of Kings | 1 | |
| Farm | 8 | |
| Barracks | 1 | |
| Keep | 2 | |
| Arcane Vault | 1 | |
| Lumber Mill | 1 | |
| Arcane Sanctum | 2 | |
| Castle | 2 | |
| Blacksmith | 1 | |
| Town Hall | 1 | |
20 total
» build order
00:04 Altar of Kings
00:06 Farm
00:43 Barracks
01:04 Farm
01:53 Farm
02:48 Farm
03:59 Keep
05:20 Arcane Vault
05:21 Lumber Mill
06:58 Arcane Sanctum
07:01 Arcane Sanctum
10:33 Farm
10:36 Farm
12:56 Castle
12:56 Castle
12:59 Farm
14:07 Blacksmith
18:04 Farm
22:15 Town Hall
» items
| Boots of Speed | 1 | |
| Staff of Teleportation | 1 | |
| Lesser Clarity Potion | 6 | |
| Potion of Healing | 2 | |
| Scroll of Healing | 1 | |
| Potion of Lesser Invulnerability | 1 | |
12 total
team 2 (loser)
richtig_krank (
green | 105 APM | 2713 actions | 25:49)
5 Archmage
3 Summon Water Elemental
2 Brilliance Aura
3 Blood Mage
2 Siphon Mana
1 Flame Strike
3 Paladin
2 Holy Light
1 Divine Shield
» actions
| Assign group hotkey | 8 | |
| Basic commands | 3 | |
| Build / train | 82 | |
| Enter build submenu | 21 | |
| Enter hero's abilities submenu | 11 | |
| Give item / drop item | 6 | |
| Remove unit from queue | 1 | |
| Right click | 1220 | |
| Select / deselect | 359 | |
| Select group hotkey | 823 | |
| Use ability | 179 | |
2713 total
» units
| Peasant | 14 | |
| Footman | 7 | |
| Spell Breaker | 12 | |
| Knight | 8 | |
| Priest | 1 | |
42 total
» upgrades
| Swords | 3 | |
| Magic Sentry | 1 | |
| Lumber Harvesting | 1 | |
| Plating | 1 | |
6 total
» buildings
| Altar of Kings | 1 | |
| Farm | 8 | |
| Barracks | 2 | |
| Scout Tower | 2 | |
| Keep | 1 | |
| Arcane Tower | 5 | |
| Arcane Vault | 3 | |
| Blacksmith | 1 | |
| Arcane Sanctum | 2 | |
| Castle | 1 | |
| Lumber Mill | 2 | |
28 total
» build order
00:05 Altar of Kings
00:09 Farm
00:22 Farm
00:24 Barracks
01:44 Scout Tower
01:55 Farm
03:13 Keep
03:26 Farm
03:38 Arcane Tower
03:39 Arcane Tower
03:39 Arcane Tower
03:41 Scout Tower
04:03 Arcane Vault
04:56 Arcane Tower
05:26 Farm
05:29 Blacksmith
06:02 Arcane Sanctum
06:48 Arcane Sanctum
09:22 Castle
10:15 Farm
11:12 Farm
12:48 Lumber Mill
14:00 Lumber Mill
18:21 Arcane Vault
20:01 Barracks
20:29 Farm
20:33 Arcane Vault
» items
| Scroll of Regeneration | 4 | |
| Lesser Clarity Potion | 1 | |
| Boots of Speed | 1 | |
| Potion of Healing | 2 | |
| Staff of Sanctuary | 1 | |
9 total
Chat log
(00:26 / All) FOREVERAZONE: GG HF
(00:32 / All) richtig_krank: ty from?
(00:34 / All) FOREVERAZONE: USA
(00:39 / All) richtig_krank: im german
(00:51 / All) FOREVERAZONE: COOL
(02:16 / All) richtig_krank: we dont need scouts :D
(10:09 / All) richtig_krank: why fl dude?
(10:19 / All) FOREVERAZONE: WHY DO U MH?
(10:23 / All) richtig_krank: lol
(10:26 / All) FOREVERAZONE: ATTACK WHEN IM NOT IN POSITION?
(10:29 / All) richtig_krank: im leageu 1 europe
(10:36 / All) richtig_krank: i dont need mh
(10:40 / All) FOREVERAZONE: SURE U ARE
(22:49 / All) FOREVERAZONE: THATS WHY FL
(23:20 / All) FOREVERAZONE: WELL GG
(23:30 / All) richtig_krank: i have a nice ping :D
(24:42 / All) FOREVERAZONE: GET OWNED
(24:44 / All) richtig_krank: can u host btw?
(24:45 / All) FOREVERAZONE: MR EUPOE
(24:55 / All) FOREVERAZONE: NO
(24:59 / All) richtig_krank: u should know which guy u are actually pwning :D
(25:01 / All) FOREVERAZONE: AND I DONT PLAY WITH COMPLETE FAGGOTS
(25:06 / All) FOREVERAZONE: WHATS UR NAME
(25:14 / All) richtig_krank: bonebracker
(25:18 / All) FOREVERAZONE: UR RANDOM
(25:21 / All) richtig_krank: ex clan sta
(25:32 / All) richtig_krank: 2 time euro campion
(25:41 / All) richtig_krank: WELL PLAYED gg
(25:44 / All) FOREVERAZONE: GG